[Event "Betsys MČR v online bleskovém šachu 2021"]
[Site "Chess.com"]
[Date "2021.04.17"]
[Round "2"]
[White "FrantisekP"]
[Black "Hollow_Head"]
[Result "0-1"]
[WhiteElo "1625"]
[BlackElo "1060"]
[TimeControl "180+1"]
[EndTime "9:15:08 PDT"]
[Termination "Uživatel Hollow_Head zvítězil matem"]

1. d4 d5 2. Bf4 Nc6 3. e3 Nf6 4.
c3 Bd7 5. Bd3 e6 6. Nf3 Bd6 7. Ne5 Nxe5 8. dxe5 Bxe5 9. Bxe5 Ng4 10.
Bg3 Nf6 11. Nd2 Qe7 12. Be5 O-O 13. Bxc7 Bc6 14. Be5 Ne4 15. Qg4 g6 16. Nxe4 dxe4 17. Bxe4 Bxe4 18. Qxe4 Rad8 19. Qf3 Rd5 20. Bf6 Qd7 21.
Bd4 e5 22. Bxa7 Rd8 23. O-O Ra8 24. Bb6 Ra6 25. Rfd1 Rxd1+ 26. Rxd1 Qa4 27. Qxb7 Qxd1# 0-1

[Event "Betsys MČR v online bleskovém šachu 2021"]
[Site "Chess.com"]
[Date "2021.04.17"]
[Round "2"]
[White "misa2009"]
[Black "hoacin"]
[Result "0-1"]
[WhiteElo "1503"]
[BlackElo "2483"]
[TimeControl "180+1"]
[EndTime "9:15:11 PDT"]
[Termination "Uživatel hoacin zvítězil matem"]

1. e4 c5 2. Nf3 d6 3. c3 Nf6 4. Qc2 Nc6 5. d4 cxd4 6. cxd4 Bd7 7. Nc3 Rc8 8. Be3 g5 9. Bxg5 Bg7 10. d5 Nb4 11.
Qb3 Nxe4 12. Nxe4 Nc2+ 13. Kd1 Nxa1 14. Qe3 O-O 15. Bh6 Bxb2 16. Qg5+ Kh8 17. Nh4 Rg8 18. Qf4 Ba4+ 19. Ke1 Qa5+ 20. Ke2 Rc1 21. Qxf7 Bd1+ 22. Ke3 Rc3+ 23. Nxc3 Qxc3+ 24. Bd3 Bc1+ 25. Ke4 Qb4+ 26.
Kf5 Bg4# 0-1

[Event "Betsys MČR v online bleskovém šachu 2021"]
[Site "Chess.com"]
[Date "2021.04.17"]
[Round "2"]
[White "honzasoucek"]
[Black "Berzeger"]
[Result "1-0"]
[WhiteElo "1639"]
[BlackElo "1022"]
[TimeControl "180+1"]
[EndTime "9:15:11 PDT"]
[Termination "Uživatel honzasoucek zvítězil po vzdání soupeře"]

1. e4 e5 2. Nf3 Nc6 3. d4 d6 4. Nc3 exd4 5. Nxd4 Nxd4 6. Qxd4 Nf6 7. Bg5 h6 8. Bh4 Be7 9. O-O-O Be6 10. f3 c5 11.
Bb5+ Bd7 12. Qd3 O-O 13. Bxd7 Qxd7 14. e5 dxe5 15. Qxd7 Nxd7 16. Bxe7 Nb6 17. Bxf8 Rxf8 18. Ne4 Nc4 19. b3 Ne3 20. Rd2 b6 21. g4 g6 22. Re1 Ng2 23. Rxg2 f5 24. gxf5 Rxf5 25. Rxg6+ Kf7 26. Rxh6 Rxf3 27. Ng5+ 1-0

[Event "Betsys MČR v online bleskovém šachu 2021"]
[Site "Chess.com"]
[Date "2021.04.17"]
[Round "2"]
[White "kalcs"]
[Black "MilosJi"]
[Result "0-1"]
[WhiteElo "2088"]
[BlackElo "2610"]
[TimeControl "180+1"]
[EndTime "9:15:13 PDT"]
[Termination "Uživatel MilosJi zvítězil matem"]

1. e4 d5 2. exd5 Qxd5 3. Nc3 Qd6 4. d4 Nf6 5. Nf3 c6 6. Bc4 Bf5 7. O-O e6 8. Re1 Be7 9. Be3 O-O 10. h3 Nbd7 11. Bd3 Bg6 12. Bxg6 hxg6 13. Qe2 Rfd8 14. a3 Qc7 15. Rad1 a5 16. Bg5 Re8 17. Qd2 Nd5 18.
Nxd5 cxd5 19. Bxe7 Rxe7 20. c3 b5 21. b4 axb4 22. axb4 Nb6 23. Qd3 Nc4 24. Ra1 Qb8 25.
Rxa8 Qxa8 26. h4 Ra7 27. Ng5 Qd8 28. f4 Qf6 29. g3 Qf5 30. Qf3 Ra2 31. h5 Qc2 32.
hxg6 Qh2+ 33. Kf1 Nd2# 0-1

[Event "Betsys MČR v online bleskovém šachu 2021"]
[Site "Chess.com"]
[Date "2021.04.17"]
[Round "2"]
[White "rakintsev"]
[Black "Ondre2836"]
[Result "1-0"]
[WhiteElo "1774"]
[BlackElo "1298"]
[TimeControl "180+1"]
[EndTime "9:15:22 PDT"]
[Termination "Uživatel rakintsev zvítězil matem"]

1. e4 d5 2. exd5 Qxd5 3. Nc3 Qa5 4. b4 Qxb4 5. Rb1 Qa5 6. Rb5 Qa6 7. Nf3 Qf6 8. d4 Bg4 9. Be2 Qc6 10. Qd3 a6 11. Rc5 Qd6 12. Ne4 Qd7 13. Rg5 Nc6 14. d5 Nb4 15.
Qc4 a5 16. Nc5 Qd6 17. Bf4 Qd8 18. Nxb7 Qb8 19. Qb5+ c6 20. dxc6 Ra7 21. Bxb8 Ra8 22. c7+ Bd7 23. Qc4 Ra6 24. c8=Q+ Bxc8 25. Qxc8# 1-0

[Event "Betsys MČR v online bleskovém šachu 2021"]
[Site "Chess.com"]
[Date "2021.04.17"]
[Round "2"]
[White "Diamantidis_13"]
[Black "Tolja1"]
[Result "1-0"]
[WhiteElo "2441"]
[BlackElo "2031"]
[TimeControl "180+1"]
[EndTime "9:15:27 PDT"]
[Termination "Uživatel Diamantidis_13 zvítězil po vzdání soupeře"]

1. Nf3 e6 2. c4 f5 3. g3 Nf6 4. Bg2 d5 5. O-O c6 6. b3 Be7 7. Ba3 Bxa3 8. Nxa3 Qe7 9. Qc1 O-O 10.
d4 Ne4 11. Qb2 Nd7 12. Nc2 Ndf6 13. Nce1 Bd7 14. Nd3 Be8 15. Nfe5 Nd7 16. Nxd7 Bxd7 17. Ne5 Be8 18. b4 Bh5 19. a4 f4 20. b5 Rac8 21.
a5 fxg3 22. hxg3 Nd6 23. e3 Nf7 24. Nxf7 Rxf7 25. a6 Be2 26. Qxe2 1-0

[Event "Betsys MČR v online bleskovém šachu 2021"]
[Site "Chess.com"]
[Date "2021.04.17"]
[Round "2"]
[White "MBorkovec"]
[Black "kubaches123"]
[Result "1-0"]
[WhiteElo "2310"]
[BlackElo "1975"]
[TimeControl "180+1"]
[EndTime "9:15:30 PDT"]
[Termination "Uživatel MBorkovec zvítězil po vzdání soupeře"]

1. e4 c5 2. Nf3 d6 3. d4 cxd4 4. Nxd4 Nf6 5. Nc3 Nc6 6. Bg5 e6 7. Qd2 a6 8. O-O-O Bd7 9. Be2 Be7 10. f4 b5 11. Bf3 Rc8 12. Bxf6 gxf6 13. f5 b4 14.
fxe6 bxc3 15. exd7+ Qxd7 16. Qxc3 O-O 17. Nf5 Ne5 18. Qd2 Rc7 19. Qh6 1-0

[Event "Betsys MČR v online bleskovém šachu 2021"]
[Site "Chess.com"]
[Date "2021.04.17"]
[Round "2"]
[White "VOJTASEK2009"]
[Black "Sandokanom"]
[Result "0-1"]
[WhiteElo "1298"]
[BlackElo "1772"]
[TimeControl "180+1"]
[EndTime "9:15:33 PDT"]
[Termination "Uživatel Sandokanom zvítězil na čas"]

1. e4 c5 2. Nf3 e6 3. d4 cxd4 4.
Nxd4 Nf6 5. Nc3 Bb4 6. Be2 Nxe4 7.
Bd2 Nxd2 8. Qxd2 a6 9. a3 Ba5 10. O-O O-O 11. b4 Bb6 12. Nb3 d5 13. Bd3 Nc6 14.
Qf4 e5 15. Qg3 e4 16. Be2 Bc7 17. Qe3 d4 18. Nxd4 Qxd4 19. Qxd4 Nxd4 20. Nd5 Nxe2+ 21. Kh1 Be5 22. Rfe1 Nf4 23. Nxf4 Bxa1 24. Rxa1 Bf5 25. Rd1 Rad8 26. Re1 Rd2 27. f3 exf3 28. gxf3 Rxc2 29.
Rd1 h6 0-1

[Event "Betsys MČR v online bleskovém šachu 2021"]
[Site "Chess.com"]
[Date "2021.04.17"]
[Round "2"]
[White "patrikvagner"]
[Black "alenka777"]
[Result "1-0"]
[WhiteElo "1759"]
[BlackElo "1277"]
[TimeControl "180+1"]
[EndTime "9:15:33 PDT"]
[Termination "Uživatel patrikvagner zvítězil po vzdání soupeře"]

1. d4 e5 2. dxe5 Nc6 3. Nf3 d6 4. exd6 Bxd6 5. e3 Nf6 6. Be2 O-O 7. O-O Be6 8. Nc3 Ng4 9. h3 Nge5 10. Nxe5 Nxe5 11.
Ne4 Be7 12. b3 Bd5 13. Nc3 Bc6 14. Bb2 Bh4 15. Qxd8 Raxd8 16. Rfd1 h6 17. Na4 Bf6 18. Nc3 b5 19. Rxd8 Rxd8 20. Rd1 Rxd1+ 21. Nxd1 a5 22.
f4 Nd7 23. Bxf6 Nxf6 24. Nc3 Nd5 25. Nxd5 Bxd5 26. Bxb5 c6 27. Bd3 c5 28. Kf2 g5 29.
c4 Bc6 30. fxg5 hxg5 31. e4 Kg7 32. Ke3 Kf6 33. g4 Ke5 34. Bc2 f6 35. Kf3 Kd6 36. Kg3 Ke5 37. h4 gxh4+ 38. Kxh4 Bd7 39. g5 fxg5+ 40.
Kxg5 Bh3 41. Kg6 Bf1 42. Kf7 Bg2 43. Ke7 Bxe4 44. Bxe4 Kxe4 45. Kd6 Kd4 46. Kc6 Kc3 47. Kxc5 Kb2 48. Kb5 Kxa2 49. Kxa5 Kxb3 50. c5 Kc4 51. c6 Kd5 52. c7 1-0

[Event "Betsys MČR v online bleskovém šachu 2021"]
[Site "Chess.com"]
[Date "2021.04.17"]
[Round "2"]
[White "indebol"]
[Black "pudltomik"]
[Result "1-0"]
[WhiteElo "1549"]
[BlackElo "764"]
[TimeControl "180+1"]
[EndTime "9:15:35 PDT"]
[Termination "Uživatel indebol zvítězil matem"]

1. e4 e6 2. d4 d5 3. e5 Nc6 4. f4 f6 5. Nf3 f5 6. Bb5 Bd7 7.
c4 Bb4+ 8. Bd2 Be7 9. cxd5 exd5 10. O-O Nb8 11. Nc3 Bxb5 12. Nxb5 Qd7 13. Nc3 Nc6 14. Re1 O-O-O 15. a3 Kb8 16. Rc1 b6 17. Kh1 g6 18.
Qa4 h5 19. Nb5 Bh4 20. e6 Qe7 21. Nxh4 Qxh4 22. Rxc6 a5 23. Rxc7 Rc8 24. Rxc8+ Kxc8 25. Rc1+ Kd8 26. Nd6 Ke7 27. Qd7+ Kf6 28. Qf7# 1-0

[Event "Betsys MČR v online bleskovém šachu 2021"]
[Site "Chess.com"]
[Date "2021.04.17"]
[Round "2"]
[White "pavelchrz"]
[Black "BrunoT2"]
[Result "1-0"]
[WhiteElo "1710"]
[BlackElo "1189"]
[TimeControl "180+1"]
[EndTime "9:15:41 PDT"]
[Termination "Uživatel pavelchrz zvítězil po vzdání soupeře"]

1. e4 e5 2. Nf3 Nc6 3. d4 exd4 4. Bc4 Bb4+ 5. c3 dxc3 6. bxc3 Bc5 7. Bxf7+ Kxf7 8. Qd5+ Kf8 9. Qxc5+ Qe7 10. Qc4 d6 11. Bg5 Qe6 12. Qe2 h6 13. Bh4 g5 14. Bg3 Nf6 15.
Nbd2 g4 16. Nh4 d5 17. Ng6+ Kg7 18. Nxh8 Kxh8 19. h3 dxe4 20. hxg4 Qxg4 21. Qxg4 Nxg4 22. Nxe4 Bd7 23. O-O-O Bf5 24. f3 Ne3 25. Rxh6+ Kg7 26. Rdh1 Nxg2 27. Ng5 1-0

[Event "Betsys MČR v online bleskovém šachu 2021"]
[Site "Chess.com"]
[Date "2021.04.17"]
[Round "2"]
[White "tondapesek"]
[Black "Alesbar"]
[Result "0-1"]
[WhiteElo "990"]
[BlackElo "1637"]
[TimeControl "180+1"]
[EndTime "9:15:41 PDT"]
[Termination "Uživatel Alesbar zvítězil po vzdání soupeře"]

1. e4 c5 2. Nf3 d6 3. Nc3 e6 4. d3 Nf6 5. g3 Be7 6. Bg2 Nc6 7.
Be3 a6 8. O-O O-O 9. Re1 Qc7 10.
d4 cxd4 11. Bxd4 Rb8 12. Be3 b5 13. a3 Bb7 14. b4 Ne5 15. Nxe5 dxe5 16. f3 Qxc3 17.
Bd2 Qc7 18. Be3 Rfd8 19. Qe2 Rbc8 20. Ra2 Qc4 21. Qxc4 Rxc4 22. Bf1 Rcc8 23. Kg2 h6 24. Rc1 Ne8 25. c3 f5 26. exf5 exf5 27. Bb6 Rd7 28.
Be3 Bf6 29. Rd2 Rxd2+ 30. Bxd2 e4 31. f4 Nd6 32. Be3 Nc4 33. Bxc4+ Rxc4 34. Bd2 Kf7 35. Kf2 g5 36. fxg5 Bxg5 37. Bxg5 hxg5 38. h4 Kg6 39. hxg5 Kxg5 40. Rc2 Kg4 41. Rc1 Rc8 42. Rc2 Rd8 43. Rb2 Rd3 44. Rc2 Rxg3 45. Re2 Rxc3 46.
Re3 Rxe3 47. Kxe3 f4+ 48. Kf2 e3+ 49. Ke2 Kg3 0-1

[Event "Betsys MČR v online bleskovém šachu 2021"]
[Site "Chess.com"]
[Date "2021.04.17"]
[Round "2"]
[White "avsokol"]
[Black "PetrSoucek"]
[Result "1-0"]
[WhiteElo "2403"]
[BlackElo "2019"]
[TimeControl "180+1"]
[EndTime "9:15:43 PDT"]
[Termination "Uživatel avsokol zvítězil matem"]

1. e4 c5 2. Nf3 d6 3. d4 cxd4 4. Nxd4 Nf6 5. Nc3 g6 6. Be3 Bg7 7. f3 O-O 8. Qd2 Nc6 9. Bc4 Bd7 10. h4 Rc8 11. Bb3 Ne5 12. O-O-O Nc4 13. Bxc4 Rxc4 14.
Kb1 b5 15. h5 b4 16. Nd5 Nxd5 17. exd5 Qc7 18. g4 Rc8 19. hxg6 hxg6 20. Qh2 f6 21. Qh7+ Kf7 22. Bh6 Rg8 23. Ne6 Bxe6 24.
dxe6+ Kf8 25. Qxg6 Bxh6 26. Qf7# 1-0

[Event "Betsys MČR v online bleskovém šachu 2021"]
[Site "Chess.com"]
[Date "2021.04.17"]
[Round "2"]
[White "8_olda_8"]
[Black "adasmrazek"]
[Result "1-0"]
[WhiteElo "1783"]
[BlackElo "1320"]
[TimeControl "180+1"]
[EndTime "9:15:43 PDT"]
[Termination "Uživatel 8_olda_8 zvítězil na čas"]

1. d4 Nf6 2. c4 g6 3. Nc3 Bg7 4. e4 d6 5. Nf3 O-O 6. Be2 Nbd7 7. Be3 e5 8. d5 Nb6 9. Qd2 Ng4 10. Bg5 f6 11. Bh4 Bh6 12. Qd3 g5 13. Bg3 f5 14. h3 fxe4 15. Nxe4 Nf6 16. Nexg5 Qe7 17. O-O Ne8 18. Ne4 Bf5 19. Qc2 1-0

[Event "Betsys MČR v online bleskovém šachu 2021"]
[Site "Chess.com"]
[Date "2021.04.17"]
[Round "2"]
[White "MiroslavBucek"]
[Black "AlenaSouralova"]
[Result "1-0"]
[WhiteElo "1609"]
[BlackElo "913"]
[TimeControl "180+1"]
[EndTime "9:15:43 PDT"]
[Termination "Uživatel MiroslavBucek zvítězil matem"]

1. e4 e5 2. Nf3 Nc6 3. Bb5 Bc5 4.
O-O Nf6 5. d3 d6 6. c3 Be6 7.
Bg5 Qd7 8. a4 O-O-O 9. d4 exd4 10. cxd4 Nxd4 11. Bxd7+ Bxd7 12. Nxd4 Bxd4 13. Qxd4 h6 14. Be3 g5 15. Qxa7 Be6 16. Qd4 Nd7 17. Nc3 Rdg8 18. a5 h5 19. Bxg5 Rxg5 20. Qxh8+ Nf8 21.
Qxf8+ Kd7 22. Nd5 Bxd5 23. exd5 Rxd5 24. Qxf7+ Kc6 25. Rac1+ Kb5 26. Qxd5+ Ka6 27. Rxc7 h4 28. Qxb7+ Kxa5 29. Ra1# 1-0

[Event "Betsys MČR v online bleskovém šachu 2021"]
[Site "Chess.com"]
[Date "2021.04.17"]
[Round "2"]
[White "povrlak60"]
[Black "Simaril76"]
[Result "1-0"]
[WhiteElo "1519"]
[BlackElo "708"]
[TimeControl "180+1"]
[EndTime "9:15:43 PDT"]
[Termination "Uživatel povrlak60 zvítězil na čas"]

1. e4 c5 2. Nc3 Nc6 3. g3 g6 4. Bg2 Bg7 5. d3 Nf6 6. Nge2 e5 7. h3 O-O 8. Be3 d6 9. O-O b6 10. Qd2 Nd4 11. f4 Nxe2+ 12. Qxe2 Bd7 13. g4 h6 14. f5 Qc8 15. Kh2 gxf5 16. gxf5 Bc6 17. Rg1 Re8 18.
Qd2 d5 19. Bxh6 Bxh6 20. Qxh6 Ng4+ 21. hxg4 f6 22. Qg6+ 1-0

[Event "Betsys MČR v online bleskovém šachu 2021"]
[Site "Chess.com"]
[Date "2021.04.17"]
[Round "2"]
[White "vit_rosenbaum"]
[Black "SanyH"]
[Result "1-0"]
[WhiteElo "2208"]
[BlackElo "1616"]
[TimeControl "180+1"]
[EndTime "9:15:48 PDT"]
[Termination "Uživatel vit_rosenbaum zvítězil matem"]

1. e4 c5 2. Nc3 Nc6 3. g3 g6 4. Bg2 Bg7 5. d3 Nf6 6. Be3 d6 7. h3 O-O 8. Qd2 Bd7 9. Bh6 Rc8 10. Nge2 Be6 11. O-O d5 12. Bxg7 Kxg7 13. Nf4 dxe4 14. Nxe6+ fxe6 15. Nxe4 Nxe4 16. Bxe4 Qd4 17. c3 Qe5 18.
Rae1 Qh5 19. Bg2 Ne5 20. d4 cxd4 21. Qxd4 Kf6 22. f4 Kf7 23. Rxe5 Qh6 24. Rfe1 Rfd8 25. Qe3 Rd6 26. Rxe6 Rxe6 27. Qxe6+ Kf8 28. Qxc8+ Kf7 29. Qe6+ Kg7 30. Qxe7+ Kg8 31. Bd5+ Kh8 32. Qe8+ Kg7 33. Qf7+ Kh8 34. Qg8# 1-0

[Event "Betsys MČR v online bleskovém šachu 2021"]
[Site "Chess.com"]
[Date "2021.04.17"]
[Round "2"]
[White "Dale00007"]
[Black "starypomalymuz"]
[Result "1-0"]
[WhiteElo "1403"]
[BlackElo "1786"]
[TimeControl "180+1"]
[EndTime "9:15:56 PDT"]
[Termination "Uživatel Dale00007 zvítězil matem"]

1. e4 e6 2. d4 a6 3. Nc3 b5 4.
Nf3 Bb7 5. Bd3 Nf6 6. e5 Nd5 7.
Nxd5 Bxd5 8. O-O c5 9. c3 cxd4 10.
cxd4 Nc6 11. Re1 Be7 12. Be4 Bxe4 13. Rxe4 Qb6 14. a3 Rc8 15. Be3 Na5 16. Rc1 Nc4 17.
Bg5 Bxg5 18. Nxg5 O-O 19. Qh5 h6 20. Rh4 f5 21. Qg6 hxg5 22. Rh7 Rf7 23. Qh5 Kf8 24. Rh8+ Ke7 25. Rxc8 Qxd4 26. Qxg5+ Rf6 27. Qxg7+ Rf7 28. Qg5+ Rf6 29. Qxf6# 1-0

[Event "Betsys MČR v online bleskovém šachu 2021"]
[Site "Chess.com"]
[Date "2021.04.17"]
[Round "2"]
[White "Asmodai5"]
[Black "VojtaT"]
[Result "0-1"]
[WhiteElo "1167"]
[BlackElo "1731"]
[TimeControl "180+1"]
[EndTime "9:15:56 PDT"]
[Termination "Uživatel VojtaT zvítězil na čas"]

1. e4 c5 2. Nf3 Nc6 3. d4 cxd4 4. Nxd4 Nf6 5. Nc3 d6 6. Bb5 Bd7 7. Bxc6 bxc6 8. O-O g6 9. Bg5 Bg7 10. Nce2 Nxe4 11.
Qd3 Nxg5 12. Qg3 Ne6 13. Nf3 O-O 14. Nc3 Rb8 15. Rab1 Qc7 16. Rfe1 Rfd8 17. Nh4 d5 18. Qf3 Qf4 19. Qxf4 Nxf4 20. Na4 Ne6 21. Nf3 c5 22. b3 Bxa4 23. bxa4 Kf8 24. Rbd1 d4 25. Re2 Nf4 26. Re4 Nd5 0-1

[Event "Betsys MČR v online bleskovém šachu 2021"]
[Site "Chess.com"]
[Date "2021.04.17"]
[Round "2"]
[White "Herracek"]
[Black "Akdub"]
[Result "1-0"]
[WhiteElo "2615"]
[BlackElo "2093"]
[TimeControl "180+1"]
[EndTime "9:15:59 PDT"]
[Termination "Uživatel Herracek zvítězil po vzdání soupeře"]

1. c4 c5 2. g3 Nc6 3. Bg2 d6 4.
Nc3 g6 5. d3 Bg7 6. Bg5 h6 7.
Bd2 Nf6 8. Qc1 e5 9. Rb1 a6 10. a3 Rb8 11. b4 Nd4 12. e3 Ne6 13. Nge2 O-O 14. e4 Kh7 15. h4 Nd4 16. Nxd4 cxd4 17.
Nd5 Nxd5 18. exd5 f5 19. c5 e4 20. h5 g5 21. dxe4 fxe4 22. Bxe4+ Bf5 23. Bxf5+ Rxf5 24. O-O Rxd5 25. c6 bxc6 26. Qxc6 Re5 27. Rbc1 a5 28.
bxa5 Re2 29. Bb4 d5 30. Qg6+ Kh8 31. Rce1 d3 32. Qxd3 Qe8 33. Rxe2 Qxh5 34. Re7 Rg8 35. Bc3 1-0

[Event "Betsys MČR v online bleskovém šachu 2021"]
[Site "Chess.com"]
[Date "2021.04.17"]
[Round "2"]
[White "Pantata007"]
[Black "MichalTrhal"]
[Result "1-0"]
[WhiteElo "2270"]
[BlackElo "1923"]
[TimeControl "180+1"]
[EndTime "9:16:01 PDT"]
[Termination "Uživatel Pantata007 zvítězil po vzdání soupeře"]

1. d4 Nf6 2. c4 c5 3. d5 b5 4. cxb5 a6 5. bxa6 Bxa6 6. Nc3 g6 7. e4 Bxf1 8. Kxf1 d6 9. g3 Bg7 10. Kg2 O-O 11. Nf3 e6 12. dxe6 fxe6 13. e5 Ng4 14.
Qxd6 Qc8 15. Bf4 g5 16. Nxg5 Qb7+ 17. f3 Rxf4 18. gxf4 Ne3+ 19. Kf2 1-0

[Event "Betsys MČR v online bleskovém šachu 2021"]
[Site "Chess.com"]
[Date "2021.04.17"]
[Round "2"]
[White "marfuss"]
[Black "VojtechPlat"]
[Result "0-1"]
[WhiteElo "2104"]
[BlackElo "2865"]
[TimeControl "180+1"]
[EndTime "9:16:02 PDT"]
[Termination "Uživatel VojtechPlat zvítězil po vzdání soupeře"]

1. d4 d6 2. Bf4 Nf6 3. e3 Nbd7 4. Nf3 c5 5. c3 b6 6. Nbd2 Bb7 7. Bd3 g6 8. O-O Bg7 9. h3 O-O 10. e4 Re8 11. e5 dxe5 12. Nxe5 cxd4 13. cxd4 Nd5 14.
Bh2 Nxe5 15. Bxe5 Bxe5 16. dxe5 Ne3 17. Qb3 Bd5 18. Qa3 Nxf1 19. Nxf1 e6 20. Bb5 Rf8 21. Ne3 Qg5 22. Bf1 Qxe5 23. Rd1 Rfd8 24. Re1 Qg7 25.
Qb4 Rac8 26. Qb3 Bxb3 27. axb3 0-1

[Event "Betsys MČR v online bleskovém šachu 2021"]
[Site "Chess.com"]
[Date "2021.04.17"]
[Round "2"]
[White "polik1112"]
[Black "sodikus"]
[Result "0-1"]
[WhiteElo "1493"]
[BlackElo "2306"]
[TimeControl "180+1"]
[EndTime "9:16:02 PDT"]
[Termination "Uživatel sodikus zvítězil na čas"]

1. e4 e5 2. Nf3 Nc6 3. Bb5 a6 4. Bxc6 dxc6 5. O-O Qf6 6. d4 exd4 7. Nxd4 Bd7 8. Nc3 Bd6 9. Be3 Ne7 10. f4 Bb4 11. e5 Qg6 12. Rf3 Bg4 13. a3 Bxc3 14. bxc3 Bxf3 15.
Qxf3 Nf5 16. g4 Nxe3 17. Qxe3 Qxg4+ 18. Qg3 Qxg3+ 19. hxg3 O-O-O 0-1

[Event "Betsys MČR v online bleskovém šachu 2021"]
[Site "Chess.com"]
[Date "2021.04.17"]
[Round "2"]
[White "VeceraP1973"]
[Black "masterofbuzkashi"]
[Result "0-1"]
[WhiteElo "1912"]
[BlackElo "2269"]
[TimeControl "180+1"]
[EndTime "9:16:04 PDT"]
[Termination "Uživatel masterofbuzkashi zvítězil po vzdání soupeře"]

1. e4 c5 2. Nf3 Nc6 3. d4 cxd4 4.
Nxd4 Nf6 5. Nc3 g6 6. Nxc6 bxc6 7.
e5 Ng8 8. f4 Bg7 9. Bd3 Nh6 10.
O-O O-O 11. Bd2 d5 12. a3 c5 13. b4 c4 14. Be2 Bb7 15. Bf3 Nf5 16. Kh1 e6 17.
Nb5 a6 18. Nc3 Rb8 19. Na4 Qh4 20. Qe1 Qe7 21. Nc5 Bc8 22. c3 Rd8 23. Be3 d4 24. Bxd4 Nxd4 25. cxd4 Rxd4 26. Qe3 Rd8 27.
Rac1 a5 28. Rxc4 axb4 29. axb4 Bf8 30. Rfc1 Bd7 31. Ne4 Bb5 32. Nf6+ Kh8 33. Rc7 Qxb4 34. Rxf7 Bg7 35. h4 Rbc8 36. Rxc8 Rxc8 37. Qa7 Qe1+ 0-1

[Event "Betsys MČR v online bleskovém šachu 2021"]
[Site "Chess.com"]
[Date "2021.04.17"]
[Round "2"]
[White "FMD-MP"]
[Black "svTomas"]
[Result "0-1"]
[WhiteElo "1776"]
[BlackElo "1413"]
[TimeControl "180+1"]
[EndTime "9:16:07 PDT"]
[Termination "Uživatel svTomas zvítězil po vzdání soupeře"]

1. c4 Nf6 2. Nc3 e5 3. g3 Bc5 4. Bg2 c6 5. d3 O-O 6. Nf3 Bd4 7. O-O Re8 8. e3 Bxc3 9. bxc3 d5 10. cxd5 cxd5 11. Qb3 e4 12. Nd4 exd3 13. c4 dxc4 14. Qxc4 Nc6 15. Nxc6 bxc6 16. Bxc6 Be6 17. Qa4 Bd7 18. Bb2 Bxc6 19. Qxc6 Rc8 20. Qxf6 gxf6 21. Rfd1 Rc2 22. Bd4 Qd5 23. a4 Qf3 24. Rf1 h5 25. Ra3 h4 26. Rxd3 h3 0-1

[Event "Betsys MČR v online bleskovém šachu 2021"]
[Site "Chess.com"]
[Date "2021.04.17"]
[Round "2"]
[White "jarda1955"]
[Black "Hroch-hroch"]
[Result "1-0"]
[WhiteElo "1999"]
[BlackElo "2275"]
[TimeControl "180+1"]
[EndTime "9:16:08 PDT"]
[Termination "Uživatel jarda1955 zvítězil po vzdání soupeře"]

1. d4 d5 2. c4 e6 3. Nc3 Nf6 4.
Bg5 Be7 5. e3 O-O 6. Nf3 h6 7.
Bh4 Ne4 8. Bxe7 Qxe7 9. Rc1 c6 10. Bd3 f5 11. O-O Nd7 12. Ne2 Ndf6 13. Ne5 Bd7 14. Ng6 Qf7 15. Nxf8 Rxf8 16. f3 Nd6 17. cxd5 exd5 18.
Re1 Qe8 19. Ng3 g6 20. Qc2 Qf7 21. Re2 h5 22. e4 fxe4 23. fxe4 dxe4 24. Nxe4 Nfxe4 25. Bxe4 Nxe4 26. Qxe4 Bf5 27. Qf4 Qxa2 28. Rf1 Qc4 29.
Re7 Rd8 30. Rd1 c5 31. Qe5 1-0

[Event "Betsys MČR v online bleskovém šachu 2021"]
[Site "Chess.com"]
[Date "2021.04.17"]
[Round "2"]
[White "Adam20032007"]
[Black "sharpi5135"]
[Result "1-0"]
[WhiteElo "1589"]
[BlackElo "781"]
[TimeControl "180+1"]
[EndTime "9:16:08 PDT"]
[Termination "Uživatel Adam20032007 zvítězil po vzdání soupeře"]

1. d4 c6 2. Nf3 d6 3. e3 e6 4. Bd3 Be7 5. e4 Nf6 6. O-O O-O 7. c3 c5 8. Bg5 cxd4 9. cxd4 Nh5 10. Bxe7 Qxe7 11.
Nbd2 Nf4 12. Bb1 e5 13. dxe5 dxe5 14. Nc4 Be6 15. Ncxe5 Bg4 16. Nxg4 Qg5 17. h3 Na6 18. Qd2 Ne6 19. Qxg5 Nxg5 20. Nxg5 Rad8 21. e5 Rd2 22.
Bxh7+ Kh8 23. Rad1 Rxd1 24. Rxd1 g6 25. Nf6 Nc5 26.
Nd7 Rd8 27. Nxf7+ Kxh7 28. Nxd8 Ne4 29. Nxb7 1-0

[Event "Betsys MČR v online bleskovém šachu 2021"]
[Site "Chess.com"]
[Date "2021.04.17"]
[Round "2"]
[White "dzerenyss"]
[Black "Danyjel"]
[Result "0-1"]
[WhiteElo "1164"]
[BlackElo "1713"]
[TimeControl "180+1"]
[EndTime "9:16:09 PDT"]
[Termination "Uživatel Danyjel zvítězil na čas"]

1. e4 e5 2. Nf3 Nc6 3. d4 exd4 4.
Nxd4 Bc5 5. Nb3 Bb6 6. Bb5 d6 7. Nc3 Nf6 8. Bg5 h6 9. Bh4 g5 10. Bg3 Bd7 11. Qe2 Qe7 12. O-O-O O-O-O 13. Rhe1 a6 14. Kb1 Kb8 15. e5 dxe5 16. Bxe5 axb5 17. Bxf6 Qxf6 18. Nxb5 Qxf2 19. Qxf2 Bxf2 20. Rf1 Bb6 21.
Rxf7 Be6 22. Rff1 Rxd1+ 23. Rxd1 Bxb3 24. cxb3 Rd8 25. Rc1 Nd4 26. Nxd4 Rxd4 27. a4 Rd2 28. Rg1 Bxg1 0-1

[Event "Betsys MČR v online bleskovém šachu 2021"]
[Site "Chess.com"]
[Date "2021.04.17"]
[Round "2"]
[White "Trickov"]
[Black "Richarlito"]
[Result "1-0"]
[WhiteElo "2387"]
[BlackElo "2004"]
[TimeControl "180+1"]
[EndTime "9:16:14 PDT"]
[Termination "Uživatel Trickov zvítězil po vzdání soupeře"]

1. d4 d5 2. Nf3 Nf6 3. c4 c6 4.
Nc3 e6 5. g3 Nbd7 6. Bg2 Be7 7.
b3 O-O 8. Qc2 b6 9. O-O Bb7 10.
Rd1 Rc8 11. e4 dxe4 12. Nxe4 Nxe4 13. Qxe4 Nf6 14. Qe2 Qc7 15. Bf4 Bd6 16. Bxd6 Qxd6 17. Ne5 Rfd8 18. Rac1 Nd7 19. c5 Qe7 20. cxb6 Nxe5 21.
dxe5 Rxd1+ 22. Rxd1 axb6 23. Rd6 h6 24. Qd3 Ba8 25.
Rd7 Qc5 26. Rd8+ Rxd8 27. Qxd8+ Qf8 28. Qxb6 Qc8 29. Qa7 Kh7 30. Qxf7 Qd8 31. Be4+ 1-0

[Event "Betsys MČR v online bleskovém šachu 2021"]
[Site "Chess.com"]
[Date "2021.04.17"]
[Round "2"]
[White "masodj"]
[Black "Qb1xh8"]
[Result "0-1"]
[WhiteElo "1735"]
[BlackElo "2144"]
[TimeControl "180+1"]
[EndTime "9:16:16 PDT"]
[Termination "Uživatel Qb1xh8 zvítězil matem"]

1. e4 c5 2. d4 cxd4 3. c3 d3 4. Bxd3 d6 5. c4 Nf6 6. Nf3 g6 7. h3 Bg7 8. Nc3 O-O 9. O-O b6 10. Be3 Bb7 11. a3 Nbd7 12. Rc1 a6 13. b3 Rc8 14. Nd5 Nc5 15. b4 Ncd7 16. Qe2 b5 17. Nxf6+ Nxf6 18. cxb5 Rxc1 19. Rxc1 axb5 20. Bd4 e5 21. Bb2 Qb6 22. Nd2 d5 23. exd5 Nxd5 24.
Be4 Nf4 25. Qe1 Rd8 26. Bxb7 Qxb7 27. Ne4 f5 28. Nc5 Qxg2# 0-1